Nobbs, chaotic male elven Wizard ------------ ------------.--- -------- +..........| |..............| |....{.| |..........| |..............| #.......| |..........| |..............| ###|......| |..........| |..............| # ----|--- |..........| --|---------.--- ### ####### -|---------- ## # # # ######## # # ### ### # # ####### ###############* # # ### #---+- # ### # --------.----# # ##..... # # ##-...........|# ## ##|...| # # # |..........)|# ----|- ------ ####|..^. ################ |............# |.@..| |..<..######`### |...| -.---# |...........| |!!I@| |_...| ### ----- |..>.# ----------.-- |!..!| |....| # ||..| |!!!.| |...). |...| ------ ------ ----- Nobbs the Evoker Experience level: 1 Strength: 12 Dexterity: 11 Constitution: 14 Intelligence: 15 Wisdom: 12 Charisma: 9 Health: 11(11) Energy: 9(9) Def: 1 Gold: 20 Moves: 433 Dungeon seed: n-E4RcF16C-mIfq_ Game ID: Nobbs_1509442370 Your Inventory: Coins $ - 20 gold pieces Weapons a - a blessed +1 quarterstaff (weapon in hands) Armor e - an uncursed +0 cloak of magic resistance (being worn) Comestibles p - an uncursed tin of lichen Scrolls i - an uncursed scroll of stinking cloud j - an uncursed scroll of destroy armor k - an uncursed scroll of enchant armor s - a blessed scroll of teleportation Spellbooks m - an uncursed spellbook of protection o - a blessed spellbook of detect food q - an uncursed spellbook of protection Potions f - an uncursed potion of booze g - an uncursed potion of confusion h - a potion of holy water Rings c - an uncursed ring of poison resistance d - an uncursed ring of polymorph Wands b - a wand of polymorph (0:0) Tools n - an uncursed bugle t - an uncursed skeleton key Spells and supernatural/magical abilities: Name Level Category Fail Memory a - force bolt 1 attack 0% 98% p - protection 1 clerical 0% 98% E - detect food 2 divination 84% 98% W - pray for help -- divine ? -- Your skills at the end: Fighting Skills Weapon Skills quarterstaff [Basic] Spellcasting Skills attack spells [Basic] enchantment spells [Basic] Final Attributes: You were piously aligned. You were magic-protected. You had infravision. You survived. Vanquished creatures: a fox 3 grid bugs a lichen a kobold zombie 6 creatures vanquished. Voluntary challenges: You went without food. You were an atheist. You used a wielded weapon 5 times, starting on turn 168. You read items or engraved 3 times, starting on turn 8. You never genocided any monsters. You polymorphed 1 item, starting on turn 5. You never changed form. You used no wishes. You never split a pudding. You never wrote Elbereth's name. You never violated your personal moral code. Dungeon overview: The Dungeons of Doom: levels 1 to 3 Level 1 a long staircase Level 2 <- You were here a potion shop, an altar to Anhur, a fountain Level 3 History has recorded: On T:1 you entered the Dungeons of Doom to retrieve the Amulet of Yendor! On T:59 you reached level 2 of The Dungeons of Doom. On T:118 you reached level 3 of The Dungeons of Doom. Score breakdown: Gold: 20 ( 4497 points) Experience: 1 level ( 0 points) Exploration: 3 levels ( 6.12%) ( 6123 points) Discoveries: 1 item ( 0.36%) ( 1802 points) Valuables value: (no points given unless you survive) Artifact value: 0 ( 0 points) Variety of kills: 4 monsters ( 1.05%) ( 3073 points) Turncount: 433 turns ( 0 points) Survival: quit (score multiplied by 90%) Total score: 13945 Latest messages: The ice troll picks up a potion. The ice troll drops a potion. The ice troll picks up a potion. The ice troll drops a potion. Never mind. The jaguar picks up a potion. The jaguar drops a potion. The jaguar picks up a potion. The jaguar drops a potion. The jaguar picks up a potion. The jaguar drops a potion. The jaguar picks up a potion. The scorpion drops a potion. You sense a monster nearby! There's still a monster there. (6x) You sense a monster nearby! Tsjernigof gratefully inherits all your possessions. Final status: Goodbye Nobbs the Wizard, quit... You quit in The Dungeons of Doom on dungeon level 2 with 13945 points, and 20 pieces of gold, after 433 moves. You were level 1 with a maximum of 11 hit points when you quit.